 Dungeon Crawl Stone Soup version 0.29-a0-838-g385bb11a5b (webtiles) character file.

Game seed: 15026687929215818604

58 zishaf the Magician (level 4, -1/33 HPs)
             Began as a Djinni Venom Mage on July 13, 2022.
             Slain by a hobgoblin (3 damage)
             ... on level 2 of the Dungeon.
             The game lasted 00:02:28 (2855 turns).

zishaf the Magician (Djinni Venom Mage)             Turns: 2855, Time: 00:02:28

Health: -1/33      AC:  2    Str:  7    XL:     4   Next: 20%
Gold:   69         EV: 12    Int: 18    God:
                   SH:  0    Dex: 14

rFire   + + .      SeeInvis .   d - +0 short sword
rCold   x . .      Faith    .   (no shield)
rNeg    . . .      Spirit   .   a - +0 robe
rPois   ∞          Reflect  .   (no helmet)
rElec   .          Harm     .   (no cloak)
rCorr   .          Rampage  .   (no gloves)
Will    .....                   (boots unavailable)
Stlth   ++........              (no amulet)
HPRegen 0.11/turn               (no ring)
MPRegen 0.00/turn               (no ring)

@: flying
A: sickness immunity, fire resistance 2, cold vulnerability 1, float, innate
caster, HP casting, extra vitality 1
a: no special abilities


You were on level 2 of the Dungeon.
You visited 1 branch of the dungeon, and saw 3 of its levels.

You collected 69 gold pieces.

Inventory:

Hand Weapons
 d - a +0 short sword (weapon)
Missiles
 j - 2 throwing nets
Armour
 a - a +0 robe (worn)
Scrolls
 b - a scroll of identify {unknown}
 c - a scroll of enchant armour {unknown}
 e - a scroll of fog {unknown}
 i - a scroll of immolation {unknown}
 k - a scroll of poison {unknown}
Potions
 f - a potion of flight {unknown}
 g - a potion of might {unknown}
 h - a potion of ambrosia {unknown}
 l - 2 potions of curing {unknown}


   Skills:
 + Level 1.7 Fighting
 - Level 2.1 Dodging
 - Level 1.5 Stealth
 * Level 3.3 Spellcasting


You couldn't memorise any spells.
You knew the following spells:

 Your Spells              Type           Power      Damage    Failure   Level
a - Sting                 Tmut/Pois      60%        1d6       4%          1
b - Poisonous Vapours     Pois/Air       30%        N/A       6%          2
c - Mephitic Cloud        Conj/Pois/Air  15%        N/A       12%         3
d - Olgreb's Toxic Radia  Pois           15%        N/A       36%         4
e - Apportation           Tloc           30%        N/A       4%          1
Your spell library was empty.

Dungeon Overview and Level Annotations

Branches:
Dungeon (3/15)

Altars:

Shops:
D:2 ?


Innate Abilities, Weirdness & Mutations

You are immune to sickness and miasma.
You are immune to poison.
Your flesh is very heat resistant. (rF++)
You are vulnerable to cold. (rC-)
You float through the air rather than walking.
You learn spells naturally, not from books.
Your magical power is your life essence.
You have superior vitality. (+4 MHP)


Message History

The sting hits the orc but does no damage.
The orc looks even sicker.
The orc is moderately wounded.
The hobgoblin hits you. The orc hits you with a +0 war axe!
* * * LOW HITPOINT WARNING * * *
The orc closely misses you.
Casting: Sting (safe; 4% risk of failure)
Confirm with . or Enter, or press ? or * to list all spells.
Aiming: Sting (safe; 4% risk of failure)
Press: ? - help, Shift-Dir - straight line, f/p - orc
Aim: an orc, wielding a +0 war axe, wearing a +0 scale mail and quivering boomerangs (moderately wounded, very poisoned, 77% to hit)
The sting misses the orc.
* * * LOW HITPOINT WARNING * * *
The hobgoblin hits you but does no damage.
The orc hits you with a +0 war axe.
* * * LOW HITPOINT WARNING * * *
The orc barely misses you.
Casting: Sting (safe; 4% risk of failure)
Confirm with . or Enter, or press ? or * to list all spells.
Aiming: Sting (safe; 4% risk of failure)
Press: ? - help, Shift-Dir - straight line, f/p - orc
Aim: an orc, wielding a +0 war axe, wearing a +0 scale mail and quivering boomerangs (heavily wounded, very poisoned, 77% to hit)
The sting misses the orc.
* * * LOW HITPOINT WARNING * * *
The hobgoblin hits you.
* * * LOW HITPOINT WARNING * * *
The orc barely misses you. The orc closely misses you.
Casting: Sting (safe; 4% risk of failure)
Confirm with . or Enter, or press ? or * to list all spells.
Aiming: Sting (safe; 4% risk of failure)
Press: ? - help, Shift-Dir - straight line, f/p - orc
Aim: an orc, wielding a +0 war axe, wearing a +0 scale mail and quivering boomerangs (heavily wounded, very poisoned, 77% to hit)
The sting hits the orc.
The orc looks as sick as possible!
You kill the orc!
* * * LOW HITPOINT WARNING * * *
The hobgoblin hits you.
* * * LOW HITPOINT WARNING * * *
The orc barely misses you. The hobgoblin hits you.
You die...

########## ########......)..
#.....##.########
#.###.##.#....### ####
#.######.#.....## #..#
####....)...#.....). ...#
#####.......#####....###
#.†#######.....######.####..###
# #..'............@>o...#.....#
# #..##.#)#.#.#..#g####.#.....#
# #..............#.# #.#.#...#
# ####..#.#.#.#..#.# #.#.#...#
#.........^.#.# #.#.#####
#..#.#.#.#..#.####.#.#########
##...............#.#.#........
#.#.#.#.#.##.####.#.#########
#.........##.# #.#.#


You could see an orc and a hobgoblin.

Vanquished Creatures
  An adder (D:2)
  A worm (D:2)
  A dart slug (D:1)
  3 orcs
  5 ball pythons
  3 endoplasms (D:1)
  A giant cockroach (D:2)
  4 goblins (D:2)
  2 hobgoblins (D:1)
  6 kobolds
  2 quokkas (D:2)
  6 bats
  2 frilled lizards
  3 rats
40 creatures vanquished.

Notes
Turn   | Place    | Note
-------+----------+-------------------------------------------
     0 | D:1      | zishaf the Djinni Venom Mage began the quest for the Orb.
     0 | D:1      | zishaf set off with the following spells memorised: Sting,
                  | Poisonous Vapours, Mephitic Cloud, Olgreb's Toxic Radiance.
     0 | D:1      | Reached XP level 1. HP: 15/15 MP: 0/0
   307 | D:1      | Reached XP level 2. HP: 19/22 MP: 0/0
   415 | D:1      | Reached skill level 1 in Fighting
  1065 | D:1      | Reached XP level 3. HP: 21/27 MP: 0/0
  1065 | D:1      | Learned a level 1 spell: Apportation
  1176 | D:1      | Found a faded altar of an unknown god.
  1181 | D:1      | Reached skill level 3 in Spellcasting
  1717 | D:2      | Found Hous's Magic Scroll Shop.
  2317 | D:2      | Reached XP level 4. HP: 29/32 MP: 0/0
  2855 | D:2      | Slain by a hobgoblin

Illustrated notes

Levels and vault maps discovered:
D:1:      co_arrival_random_square_maze, layout_rooms,
          ebering_ecumenical_altar_abandoned
D:2:      layout_basic, serial_shops, nicolae_diamond_shop,
          serial_co_window_serial, co_window_of_opportunity_a,
          co_window_corner_a, co_window_corner_a, co_window_paths_b,
          co_window_of_opportunity_a, co_window_broadway_a,
          co_window_broadway_b, co_window_broadway_c,
          co_window_of_opportunity_c, glass_columns_a, glass_columns_c,
          glass_columns_c, glass_columns_c
D:3:      layout_loops_corners, serial_shops, shop, gammafunk_ghost_split,
          st_stairs_5

Skill      XL: |  1  2  3 |
---------------+----------+-----
Fighting       | 1 |  1.7
Spellcasting   | 3 |  3.3
Dodging        | |  2.1
Stealth        | |  1.5

Action                   |  1- 3 |  4- 6 || total
-------------------------+-------+-------++-------
Melee: Short sword       |     2 |       ||     2
 Cast: Sting             |    77 |    17 ||    94
Armor: Robe              |    10 |     4 ||    14
Dodge: Dodged            |    18 |    19 ||    37

Table legend: (Time is in decaauts)
 A = Elapsed time spent in this place.
 B = Non-inter-level travel time spent in this place.
 C = Inter-level travel time spent in this place.
 D = Time resting spent in this place.
 E = Time spent auto-exploring this place.
 F = Levels seen in this place.
 G = Mean time per level.
                   A        B        C        D        E       F      G
               +--------+--------+--------+--------+--------+-----+--------+
         Total |   2857 |   2826 |     31 |    230 |   2342 |   3 |  952.3 |
       Dungeon |   2857 |   2826 |     31 |    230 |   2342 |   3 |  952.3 |
               +--------+--------+--------+--------+--------+-----+--------+

Top non-repeatable levels by time:
     D:2: 1516 daAuts
     D:1: 1315 daAuts
     D:3: 25 daAuts
